 Dungeon Crawl Stone Soup version 0.24-a0-279-ga7546fe (webtiles) character file.

Game seed: 15149500925704013991

339 Hasart the Firebug (level 6, -4/32 HPs)
             Began as a Deep Elf Fire Elementalist on May 1, 2019.
             Killed from afar by Dowan (12 damage)
             ... with a shard of ice
             ... on level 3 of the Dungeon.
             The game lasted 00:08:49 (2917 turns).

Hasart the Firebug (Deep Elf Fire Elementalist)     Turns: 2917, Time: 00:08:49

Health: -4/32      AC:  0    Str:  5    XL:     6   Next: 29%
Magic:  0/23       EV: 14    Int: 22    God:
Gold:   130        SH:  0    Dex: 15    Spells: 4/14 levels left

rFire    . . .     SeeInvis .   w - +0 falchion (elec)
rCold    . . .     Gourm    .   (no shield)
rNeg     . . .     Faith    .   a - +0 robe
rPois    .         Spirit   .   e - +0 helmet
rElec    .         Reflect  .   (no cloak)
rCorr    .         Harm     .   (no gloves)
MR       .....                  (no boots)
Stlth    +.........             (no amulet)
HPRegen  0.10/turn              g - -3 ring of protection (curse)
MPRegen  0.18/turn              o - ring of magical power

@: very slightly contaminated, glowing
A: no striking features
a: no special abilities


You were on level 3 of the Dungeon.
You were very hungry.

You visited 1 branch of the dungeon, and saw 4 of its levels.

You collected 130 gold pieces.

Inventory:

Hand Weapons
 w - a +0 falchion of electrocution (weapon)
Armour
 a - a +0 robe (worn)
 e - a +0 helmet (worn)
Jewellery
 g - a cursed -3 ring of protection (left hand)
 o - a ring of magical power (right hand)
Wands
 p - a wand of polymorph (9)
Scrolls
 d - 4 scrolls of amnesia {unknown}
 i - 3 scrolls of immolation {unknown}
 j - 6 scrolls of identify {unknown}
 r - 2 scrolls of teleportation {unknown}
 s - a scroll of noise {unknown}
 u - a scroll of enchant weapon {unknown}
 y - a scroll of remove curse {unknown}
Potions
 b - a potion of flight {unknown}
 f - a potion of brilliance {unknown}
 k - 3 potions of curing {unknown}
 l - 2 potions of might {unknown}
 m - a potion of degeneration {unknown}
 n - a potion of mutation {unknown}
 q - a potion of heal wounds {unknown}
 t - a potion of magic {unknown}
 v - a potion of lignification {unknown}
 x - a potion of invisibility {unknown}
 z - a potion of berserk rage {unknown}
 A - a potion of agility
Comestibles
 c - 7 rations
 h - a chunk of flesh


   Skills:
 + Level 3.8 Dodging
 - Level 2.4 Stealth
 + Level 4.5 Spellcasting
 * Level 4.1 Conjurations
 * Level 5.3 Fire Magic


You had 4 spell levels left.
You knew the following spells:

 Your Spells              Type           Power        Failure   Level  Hunger
a - Flame Tongue          Conj/Fire      ####.        1%          1    None
b - Sticky Flame          Conj/Fire      ####....     16%         4    ####...
c - Fireball              Conj/Fire      ####......   38%         5    ######.

Your spell library contained the following spells:

 Spells                   Type           Power        Failure   Level  Hunger
 Throw Flame              Conj/Fire      ####..       2%          2    #......
 Conjure Flame            Conj/Fire      ####....     4%          3    ##.....
 Inner Flame              Hex/Fire       ###.....     11%         3    ##.....


Dungeon Overview and Level Annotations

Branches:
Dungeon (4/15)
 Temple: D:4-7

Altars:

Annotations:
D:3 Dowan


Message History

Dowan hits you with a +0 dagger. Dowan barely misses you.
You riposte.
You miss Dowan.
Dowan is severely wounded.
You climb upwards.
There is a stone staircase leading down here.
Casting: Sticky Flame (slightly dangerous; 16% risk of failure)
Confirm with . or Enter, or press ? or * to list all spells.
Aiming: Sticky Flame (slightly dangerous; 16% risk of failure)
Press: ? - help, Shift-Dir - straight line, f - Dowan
Aim: Dowan, wielding a +0 dagger and wearing a cursed +0 robe (severely wounded, fast)
You miscast Sticky Flame.
Your skin tingles.
Dowan hits you with a +0 dagger.
You hit Dowan.
Dowan is severely wounded.
Dowan hits you with a +0 dagger.
* * * LOW HITPOINT WARNING * * *
Dowan gestures wildly while chanting.
Dowan blinks!
Dowan casts a spell at you. The shard of ice hits you!
You die...

........##.###.....###.......#
...............##### #####.###
...........#..## #...###
........#>....|## #######...#
.....<..##.#....### #.....###.##
........##.#..#...####....)# #...
........##.#...ยง.....#.....#####.
........##.#....>..#.#...........
................@..........#####.
#.###......................#####.
..# ######.......e.....#.#.....<.
### #...............######## #
#.............)...# ### ###
#.#.......####..#.####.. ..#
######..........# #....##...# #.#
#...............###...###.### #.#
#................##.........#


You could see Dowan.

Vanquished Creatures
  Duvessa (D:4)
  A howler monkey (D:2)
  A hound (D:3)
  A howler monkey skeleton (D:3)
  4 adders
  2 oozes
  4 worms (D:2)
  2 dart slugs
  4 leopard geckos
  8 orcs
  2 ball pythons
  3 giant cockroaches
  7 goblins
  8 hobgoblins
  4 jackals (D:2)
  12 kobolds
  A quokka (D:3)
  10 bats
  6 frilled lizards
  10 rats
91 creatures vanquished.

Notes
Turn   | Place    | Note
-------+----------+-------------------------------------------
     0 | D:1      | Hasart the Deep Elf Fire Elementalist began the quest for
                  | the Orb.
     0 | D:1      | Reached XP level 1. HP: 10/10 MP: 6/6
   171 | D:1      | Reached XP level 2. HP: 15/15 MP: 1/8
   677 | D:1      | Reached XP level 3. HP: 19/19 MP: 5/9
   918 | D:2      | Reached skill level 4 in Fire Magic
   918 | D:2      | Reached XP level 4. HP: 6/24 MP: 2/11
  1465 | D:2      | Learned a level 4 spell: Sticky Flame
  2075 | D:3      | Reached XP level 5. HP: 27/28 MP: 12/12
  2082 | D:3      | Learned a level 5 spell: Fireball
  2682 | D:3      | Reached skill level 5 in Fire Magic
  2902 | D:4      | Noticed Duvessa
  2902 | D:4      | Noticed Dowan
  2910 | D:4      | Killed Duvessa
  2910 | D:4      | Reached XP level 6. HP: 23/32 MP: 7/14
  2917 | D:3      | Killed from afar by Dowan

Levels and vault maps discovered:
D:1:      lightli_arrival_boilingwater, layout_loops_ring, st_stairs_12
D:2:      layout_basic, first_ration, serial_glass, glass_columns_b,
          glass_columns_b, grunt_ministairs_2
D:3:      layout_rooms
D:4:      layout_loops_corners, uniq_duvessa

Skill      XL: |  1  2  3  4  5 |
---------------+----------------+-----
Conjurations   | 2 3 4 |  4.1
Dodging        | 3 |  3.8
Fire Magic     | 4 5 |  5.3
Spellcasting   | 4 |  4.5
Stealth        | |  2.4

Action                   |  1- 3 |  4- 6 || total
-------------------------+-------+-------++-------
Melee: Whip              |     2 |       ||     2
       Falchion          |       |     4 ||     4
 Cast: Flame Tongue      |    50 |   128 ||   178
       Sticky Flame      |       |     3 ||     3
  Eat: Chunk             |       |     6 ||     6
Armor: Robe              |     6 |     3 ||     9
Dodge: Dodged            |    13 |    39 ||    52
       Rpst.: Falchion   |       |     7 ||     7

Table legend:
 A = Non-vault XP
 B = Vault XP
 C = Vault XP percentage of total XP
 D = Non-vault monster count
 E = Vault monster count
 F = Vault count percentage of total count
                 A         B        C        D         E       F
            +---------+---------+-------+---------+---------+-------
      Total |     332 |     153 |  31.5 |      85 |       6 |   6.6
            +---------+---------+-------+---------+---------+-------
        D:1 |      47 |       5 |   9.6 |      25 |       3 |  10.7
        D:2 |     137 |       6 |   4.2 |      28 |       2 |   6.7
        D:3 |     144 |       0 |   0.0 |      31 |       0 |   0.0
        D:4 |       4 |     142 |  97.3 |       1 |       1 |  50.0
            +---------+---------+-------+---------+---------+-------
